 Dungeon Crawl Stone Soup version 0.27-a0-3-gcf006a40f5 (webtiles) character file.

Game seed: 7329657050290705535

7 smips the Skirmisher (level 2, 27/27 HPs)
             Began as a Hill Orc Fighter on Dec 31, 2020.
             Quit the game on level 1 of the Dungeon on Jan 1, 2021.
             The game lasted 00:01:47 (314 turns).

smips the Skirmisher (Hill Orc Fighter)              Turns: 314, Time: 00:01:47

Health: 27/27      AC:  6    Str: 18    XL:     2   Next: 0%
Magic:  2/2        EV:  7    Int:  8    God:
Gold:   7          SH:  9    Dex: 10    Spells: 1/1 levels left

rFire    . . .     SeeInvis .   a - +0 rapier
rCold    . . .     Faith    .   c - +0 kite shield
rNeg     . . .     Spirit   .   b - +0 scale mail
rPois    .         Reflect  .   (no helmet)
rElec    .         Harm     .   (no cloak)
rCorr    .         Rampage  .   (no gloves)
Will     .....                  (no boots)
Stlth    ..........             (no amulet)
HPRegen  0.09/turn              (no ring)
MPRegen  0.08/turn              (no ring)

@: no status effects
A: no striking features
a: no special abilities


You were on level 1 of the Dungeon.
You visited 1 branch of the dungeon, and saw 1 of its levels.

You collected 7 gold pieces.

Inventory:

Hand Weapons
 a - a +0 rapier (weapon)
Armour
 b - a +0 scale mail (worn)
 c - a +0 kite shield (worn)
Scrolls
 e - a scroll of immolation {unknown}
 f - a scroll of enchant armour {unknown}
Potions
 d - a potion of might


   Skills:
 + Level 3.8 Fighting
 + Level 2.1 Short Blades
 + Level 3.5 Armour
 + Level 3.2 Shields


You had one spell level left.
You didn't know any spells.
Your spell library was empty.

Dungeon Overview and Level Annotations

Branches:
Dungeon (1/15)

Altars:


Message History

You hit the bat.
You kill the bat!
You see here a bat corpse.
You see here a +0 club.
You block the ball python's attack. The ball python grabs you.
The ball python constricts you.
You see here a dagger.
You escape the ball python's grasp.
You block the ball python's attack. The ball python closely misses you.
The ball python barely misses you. x2
The ball python closely misses you. The ball python barely misses you.
You hit the ball python.
You kill the ball python!
You have reached level 2!
Unknown command.
Welcome back, smips the Hill Orc Fighter.
Press ? for a list of commands and other information.
Unknown command.
Okay, then.
Are you sure you want to abandon this character and quit the game? (Confirm with "yes".)

#..###.#.....#.......#
#.....####...#.....#.#
#............##...##.#
#......##.##.#######.####
#.......#.#..# #......#
#.......)...######.#.##.###
#####..#####.....#.#......###
####.#### #.....#.####.#.##.
#.......# #@†...............
#.##.##.# #.....#......#.##.
#.##.# .# #.....###..#.#.###
#.##.# .# ####### #......#
#.##.##.# #.#.##.# #.......#
#.#.##.# ##.###.#####
#......# #.# #.....# ........
#.###.###.#


There were no monsters in sight!

Vanquished Creatures
  A goblin (D:1)
  A hobgoblin (D:1)
  A kobold (D:1)
  A ball python (D:1)
  2 bats (D:1)
6 creatures vanquished.

Notes
Turn   | Place    | Note
-------+----------+-------------------------------------------
     0 | D:1      | smips the Hill Orc Fighter began the quest for the Orb.
     0 | D:1      | Reached XP level 1. HP: 19/19 MP: 1/1
   314 | D:1      | Reached XP level 2. HP: 27/27 MP: 2/2
   314 | D:1      | Upgraded the game from 0.26-a0-1213-gd52f5182fe to
                  | 0.27-a0-3-gcf006a40f5
   314 | D:1      | Quit the game

Illustrated notes

Levels and vault maps discovered:
D:1:      dpeg_arrival_more_subterranean_lakeside_camping, layout_loops_cross

Action                   || total
-------------------------++-------
Melee: Rapier            ||    29
Armor: Scale mail        ||    24
Dodge: Dodged            ||    13
Block: Kite shield       ||    21

Table legend: (Time is in decaauts)
 A = Elapsed time spent in this place.
 B = Non-inter-level travel time spent in this place.
 C = Inter-level travel time spent in this place.
 D = Time resting spent in this place.
 E = Time spent auto-exploring this place.
 F = Levels seen in this place.
 G = Mean time per level.
                   A        B        C        D        E       F      G
               +--------+--------+--------+--------+--------+-----+--------+
         Total |    322 |    322 |      0 |    100 |      0 |   1 |  322.0 |
       Dungeon |    322 |    322 |      0 |    100 |      0 |   1 |  322.0 |
               +--------+--------+--------+--------+--------+-----+--------+

Top non-repeatable levels by time:
     D:1: 322 daAuts
